 Dungeon Crawl Stone Soup version 0.22.0-49-gab54619674 (webtiles) character file.

156 Erymatos the Skirmisher (level 5, -4/48 HPs)
             Began as a Minotaur Berserker on Sept 5, 2018.
             Was a Believer of Trog.
             Killed by nerve-wracking pain
             ... invoked by Jessica
              (12 damage)
             ... on level 3 of the Dungeon.
             The game lasted 00:04:54 (2113 turns).

Erymatos the Skirmisher (Minotaur Berserker)        Turns: 2113, Time: 00:04:55

Health: -4/48      AC: 10    Str: 23    XL:     5   Next: 14%
Magic:  4/4        EV:  6    Int:  4    God:    Trog [**....]
Gold:   108        SH:  7    Dex:  9    Spells: 4/4 levels left

rFire    + . .     SeeInvis .   a - +0 hand axe
rCold    . . .     Gourm    .   j - +0 shield
rNeg     . . .     Faith    .   m - +0 chain mail
rPois    .         Spirit   .   (helmet restricted)
rElec    .         Reflect  .   (no cloak)
rCorr    .         Harm     .   (no gloves)
MR       .....                  n - +0 pair of boots
Stlth    ..........             (no amulet)
HPRegen  0.16/turn              g - ring of protection from fire
MPRegen  0.09/turn              (no ring)

@: berserk cooldown, slowed, very slow
A: retaliatory headbutt, horns 2
a: Berserk, Trog's Hand, Renounce Religion


You were on level 3 of the Dungeon.
You worshipped Trog.
Trog was pleased with you.
You were very hungry.

You visited 1 branch of the dungeon, and saw 3 of its levels.

You collected 108 gold pieces.

Inventory:

Hand Weapons
 a - a +0 hand axe (weapon)
Armour
 j - a +0 shield (worn)
 m - a +0 chain mail (worn)
 n - a +0 pair of boots (worn)
Jewellery
 g - a ring of protection from fire (left hand)
Wands
 q - a wand of random effects (32)
Scrolls
 d - 3 scrolls of teleportation {unknown}
 i - 3 scrolls of identify {unknown}
 k - a scroll of magic mapping {unknown}
 p - a scroll of remove curse {unknown}
 s - a scroll of blinking {unknown}
Potions
 b - 2 potions of ambrosia {unknown}
 e - a potion of degeneration {unknown}
 f - a potion of lignification {unknown}
 h - a potion of curing {unknown}
 l - a potion of resistance {unknown}
 o - a potion of mutation {unknown}
Comestibles
 c - 3 rations


   Skills:
 + Level 5.3 Fighting
 + Level 5.0 Axes
 + Level 2.8 Armour
 + Level 3.1 Dodging
 + Level 0.5 Shields


You had 4 spell levels left.
You didn't know any spells.
Your spell library was empty.

Dungeon Overview and Level Annotations

Branches:
Dungeon (3/15)

Altars:

Annotations:
D:2 1 exclusion
D:3 Jessica, Sigmund


Innate Abilities, Weirdness & Mutations

You reflexively headbutt those who attack you in melee.
You have a pair of horns on your head.


Message History

Unknown command.
You closely miss something. You closely miss Jessica.
Jessica gestures wildly while chanting.
Jessica blinks!
You block something's attack.
Unknown command.
You closely miss something. You barely miss Jessica. Jessica barely misses you.
Something hits you but does no damage. You block Jessica's attack.
Unknown command.
You miss something. You barely miss Jessica. You block Jessica's attack.
Something hits you but does no damage. Jessica hits you but does no damage.
Unknown command.
You barely miss something. You closely miss Jessica.
You block Jessica's attack. Jessica hits you but does no damage.
Something hits you but does no damage. Jessica barely misses you.
Unknown command.
You closely miss something. Your headbutt misses something. You hit Jessica.
Jessica is no longer moving quickly.
Jessica points at you and mumbles some strange words.
Pain shoots through your body!
You die...

.. ..###
....$## .......
....... ......r
......{###
......@@.####
.......#....##
...###.####..#
.... . #. ##.#
...... #. #.###
....... ##
#..)##.....<.
#............ .
#............
#.#............


You could see Jessica and a rat.

Vanquished Creatures
  Natasha (D:2)
  Robin (D:2)
  7 adders (D:2)
  2 worms (D:2)
  2 leopard geckos
  2 giant cockroaches (D:2)
  11 goblins
  5 hobgoblins
  3 jackals (D:2)
  A quokka (D:2)
  9 bats
  A frilled lizard (D:1)
  3 kobolds
  6 rats
54 creatures vanquished.

Notes
Turn   | Place    | Note
-------+----------+-------------------------------------------
     0 | D:1      | Erymatos the Minotaur Berserker began the quest for the
                  | Orb.
     0 | D:1      | Reached XP level 1. HP: 19/19 MP: 0/0
   219 | D:1      | Reached XP level 2. HP: 24/27 MP: 1/1
   717 | D:2      | Reached XP level 3. HP: 19/34 MP: 2/2
  1185 | D:2      | Reached ** piety under Trog
  1222 | D:2      | Reached XP level 4. HP: 25/41 MP: 3/3
  1586 | D:2      | Reached skill level 5 in Fighting
  1821 | D:2      | Noticed Robin
  1838 | D:2      | Killed Robin
  2021 | D:2      | Noticed Natasha
  2029 | D:2      | Killed Natasha
  2029 | D:2      | Reached skill level 5 in Axes
  2029 | D:2      | Reached XP level 5. HP: 36/48 MP: 4/4
  2089 | D:3      | Noticed Sigmund
  2090 | D:3      | Noticed Jessica
  2113 | D:3      | Killed from afar by Jessica

Skill      XL: |  1  2  3  4 |
---------------+-------------+-----
Fighting       | 4 5 |  5.3
Axes           | 4 5 |  5.0
Dodging        | 3 |  3.1
Armour         | |  2.8
Shields        | |  0.5

Action                   |  1- 3 |  4- 6 || total
-------------------------+-------+-------++-------
Melee: Hand axe          |    68 |    80 ||   148
       Headbutt          |    11 |     8 ||    19
Invok: Berserk           |       |     1 ||     1
 Stab: Sleeping          |     1 |       ||     1
  Eat: Chunk             |       |     4 ||     4
Armor: Animal skin       |    18 |     1 ||    19
       Chain mail        |       |    39 ||    39
Dodge: Dodged            |    52 |    37 ||    89
Block: Shield            |       |    32 ||    32
